MWL (24 & UNDER)
LEE'S SUMMIT TIGERS @ BEMIDJI BENDERS
08/11/2023
 
TOP OF THE 1ST
Lee's Summit Tigers batting - Pitching for Bemidji Benders : RHP Don Wiggins
Pitching: RHP Don Wiggins
Batting: LHB Andrés Arredondo 0-0: Called Strike
0-1: Ball
1-1: TRIPLE (Groundball, 3L)
Batting: RHB Ed Watkins 0-0: SINGLE (Line Drive, 8RS)
Andrés Arredondo scores
Batting: RHB Norberto Taváres 0-0: Called Strike
0-1: Called Strike
0-2: Fly out, F7 (Flyball, 7D)
Batting: RHB Desi Thompson 0-0: Ball
1-0: Called Strike
1-1: Ball
2-1: Swinging Strike
2-2: Ball
3-2: Strikes out swinging
Batting: RHB Carlos Flores 0-0: Called Strike
0-1: Foul Ball, location: 2F
0-2: Ball
Ed Watkins steals 2nd base
1-2: Strikes out swinging
Top of the 1st over - 1 run(s), 2 hit(s), 0 error(s), 1 left on base; Lee's Summit 1 - Bemidji 0
BOTTOM OF THE 1ST
Bemidji Benders batting - Pitching for Lee's Summit Tigers : RHP Lorenzo Aguilar
Pitching: RHP Lorenzo Aguilar
Batting: RHB António López 0-0: Called Strike
0-1: Ball
1-1: Ball
2-1: Foul Ball, location: 2F
2-2: Ground out 1-3 (Groundball, 15S)
Batting: RHB Gabriel Stout 0-0: Called Strike
0-1: Swinging Strike
0-2: Strikes out swinging
Batting: SHB Edgardo Osorio 0-0: Foul Ball, location: 2F
0-1: Ball
1-1: Ball
2-1: Foul Ball, location: 2F
2-2: Strikes out swinging, 2-3 out at first.
Bottom of the 1st over - 0 run(s), 0 hit(s), 0 error(s), 0 left on base; Lee's Summit 1 - Bemidji 0
TOP OF THE 2ND
Lee's Summit Tigers batting - Pitching for Bemidji Benders : RHP Don Wiggins
Batting: RHB Flint Todd 0-0: Ball
1-0: Ball
2-0: SINGLE (Groundball, 6M)
Batting: LHB Bill Frazier 0-0: Called Strike
Flint Todd steals 2nd base
0-1: Swinging Strike
0-2: Ground out 4-3 (Groundball, 4S)
Flint Todd to third
Batting: LHB José López 0-0: Ball
1-0: Ball
2-0: Foul Ball, location: 2F
2-1: Foul Ball, location: 2F
2-2: Ball
3-2: SINGLE (Line Drive, 4M)
Flint Todd scores
Batting: SHB Shane Hutchinson 0-0: Ball
1-0: Fielders Choice at 2nd, 4-6 (Groundball, 4)
Batting: LHB Andrés Arredondo 0-0: Ball
1-0: Foul Ball, location: 2F
1-1: Called Strike
1-2: Foul Ball, location: 2F
1-2: Hit by Pitch
Shane Hutchinson to second
Batting: RHB Ed Watkins 0-0: Foul Ball, location: 2F
0-1: Swinging Strike
0-2: Strikes out swinging
Top of the 2nd over - 1 run(s), 2 hit(s), 0 error(s), 2 left on base; Lee's Summit 2 - Bemidji 0
BOTTOM OF THE 2ND
Bemidji Benders batting - Pitching for Lee's Summit Tigers : RHP Lorenzo Aguilar
Now in LF: Doug Delaney
Batting: RHB Alfredo López 0-0: Ball
1-0: Ball
2-0: Fly out, F4 (Popup, 4D)
Batting: RHB Juan Costello 0-0: Ball
1-0: Called Strike
1-1: Swinging Strike
1-2: Foul Ball, location: 2F
1-2: Foul Ball, location: 2F
1-2: Strikes out swinging
Batting: RHB Javier Hernández 0-0: Called Strike
0-1: Foul Ball, location: 2F
0-2: Strikes out swinging
Bottom of the 2nd over - 0 run(s), 0 hit(s), 0 error(s), 0 left on base; Lee's Summit 2 - Bemidji 0
TOP OF THE 3RD
Lee's Summit Tigers batting - Pitching for Bemidji Benders : RHP Don Wiggins
Batting: RHB Norberto Taváres 0-0: Foul Ball, location: 2F
0-1: Called Strike
0-2: Foul Ball, location: 2F
0-2: Foul Ball, location: 2F
0-2: Ball
1-2: Ground out 6-3 (Groundball, 6)
Batting: RHB Desi Thompson 0-0: Fly out, F4 (Popup, 34)
Batting: RHB Carlos Flores 0-0: SINGLE (Line Drive, 6MD)
Batting: RHB Flint Todd 0-0: Ball
1-0: Ball
2-0: Ground out 1-3 (Groundball, 3S)
Top of the 3rd over - 0 run(s), 1 hit(s), 0 error(s), 1 left on base; Lee's Summit 2 - Bemidji 0
BOTTOM OF THE 3RD
Bemidji Benders batting - Pitching for Lee's Summit Tigers : RHP Lorenzo Aguilar
Batting: RHB Ángel Garza 0-0: Foul Ball, location: 2F
0-1: Ball
1-1: Ball
2-1: Ball
3-1: Bunt for hit - play at first, batter OUT! 1-3
Batting: RHB Roberto Solís 0-0: Fly out, F7 (Line Drive, 78XD)
Batting: RHB Júlio Valdés 0-0: Ball
1-0: Fly out, F8 (Flyball, 8RM)
Bottom of the 3rd over - 0 run(s), 0 hit(s), 0 error(s), 0 left on base; Lee's Summit 2 - Bemidji 0
TOP OF THE 4TH
Lee's Summit Tigers batting - Pitching for Bemidji Benders : RHP Don Wiggins
Batting: LHB Bill Frazier 0-0: Ball
1-0: SINGLE (Line Drive, 4M)
Batting: RHB Doug Delaney 0-0: Ball
1-0: Ball
2-0: Ball
3-0: Called Strike
3-1: Called Strike
3-2: Base on Balls
Bill Frazier to second
Batting: SHB Shane Hutchinson Reached via error on a dropped throw, E4
Bill Frazier to third
Doug Delaney to second
Batting: LHB Andrés Arredondo 0-0: Called Strike
0-1: Ball
1-1: Foul Ball, location: 2F
1-2: Foul Ball, location: 2F
1-2: Ball
2-2: Ball
3-2: Foul Ball, location: 2F
3-2: Base on Balls
Bill Frazier scores
Doug Delaney to third
Shane Hutchinson to second
Batting: RHB Ed Watkins 0-0: Ball
1-0: Called Strike
1-1: Grounds into double play, 5-4-3 (Groundball, 5)
Doug Delaney scores
Shane Hutchinson to third
Batting: RHB Norberto Taváres 0-0: Foul Ball, location: 2F
0-1: Ball
1-1: Ball
2-1: Ball
3-1: Base on Balls
Batting: RHB Desi Thompson 0-0: Ball
1-0: Foul Ball, location: 2F
1-1: Fly out, F8 (Flyball, 8RD)
Top of the 4th over - 2 run(s), 1 hit(s), 1 error(s), 2 left on base; Lee's Summit 4 - Bemidji 0
BOTTOM OF THE 4TH
Bemidji Benders batting - Pitching for Lee's Summit Tigers : RHP Lorenzo Aguilar
Batting: RHB António López 0-0: Ball
1-0: Ball
2-0: Ball
3-0: Base on Balls
Batting: RHB Gabriel Stout 0-0: Called Strike
António López is caught stealing 2nd base
0-1: Ball
1-1: Ball
2-1: Foul Ball, location: 2F
2-2: Ball
3-2: Strikes out looking
Batting: SHB Edgardo Osorio 0-0: Called Strike
0-1: Called Strike
0-2: Strikes out swinging
Bottom of the 4th over - 0 run(s), 0 hit(s), 0 error(s), 0 left on base; Lee's Summit 4 - Bemidji 0
TOP OF THE 5TH
Lee's Summit Tigers batting - Pitching for Bemidji Benders : RHP Don Wiggins
Batting: RHB Carlos Flores 0-0: Called Strike
0-1: Foul Ball, location: 2F
0-2: Ball
1-2: Ball
2-2: Ball
3-2: SINGLE (Flyball, 89S)
Batting: RHB Flint Todd 0-0: Called Strike
0-1: SINGLE (Groundball, 56D)
Carlos Flores to second
Pitching: RHP Mark Anderson
Batting: LHB Bill Frazier 0-0: Called Strike
0-1: Called Strike
0-2: Ball
Wild Pitch!
Carlos Flores to third
Flint Todd to second
1-2: Strikes out swinging
Batting: RHB Doug Delaney 0-0: Ball
1-0: Called Strike
1-1: Foul Ball, location: 2F
1-2: Ball
2-2: Strikes out swinging
Batting: SHB Shane Hutchinson 0-0: Ball
1-0: Called Strike
1-1: Ball
2-1: Called Strike
2-2: Strikes out swinging
Top of the 5th over - 0 run(s), 2 hit(s), 0 error(s), 2 left on base; Lee's Summit 4 - Bemidji 0
BOTTOM OF THE 5TH
Bemidji Benders batting - Pitching for Lee's Summit Tigers : RHP Lorenzo Aguilar
Batting: RHB Alfredo López 0-0: Foul Ball, location: 2F
0-1: Swinging Strike
0-2: Ball
1-2: Ball
2-2: Ball
3-2: Ground out 6-3 (Groundball, 6)
Batting: RHB Juan Costello 0-0: Fly out, F7 (Flyball, 7M)
Batting: RHB Javier Hernández 0-0: Ball
1-0: Ball
2-0: Called Strike
2-1: Fly out, F9 (Flyball, 9M)
Bottom of the 5th over - 0 run(s), 0 hit(s), 0 error(s), 0 left on base; Lee's Summit 4 - Bemidji 0
TOP OF THE 6TH
Lee's Summit Tigers batting - Pitching for Bemidji Benders : RHP Mark Anderson
Batting: LHB Andrés Arredondo 0-0: Foul Ball, location: 2F
0-1: Foul Ball, location: 2F
0-2: Ball
1-2: Fly out, F8 (Flyball, 8LM)
Batting: RHB Ed Watkins 0-0: SINGLE (Groundball, 56D)
Batting: RHB Norberto Taváres 0-0: Ball
1-0: Fielders Choice at 2nd, 3-6 (Groundball, 34)
Batting: RHB Desi Thompson 0-0: Ball
1-0: Ball
2-0: Foul Ball, location: 2F
2-1: Foul Ball, location: 2F
2-2: DOUBLE (Line Drive, 89D)
Norberto Taváres to third
Runner from 3rd tries for Home, SAFE, no throw or cutoff
Batting: RHB Carlos Flores 0-0: Ball
1-0: Called Strike
1-1: Ball
2-1: Ball
3-1: Foul Ball, location: 2F
3-2: Strikes out swinging
Top of the 6th over - 1 run(s), 2 hit(s), 0 error(s), 1 left on base; Lee's Summit 5 - Bemidji 0
BOTTOM OF THE 6TH
Bemidji Benders batting - Pitching for Lee's Summit Tigers : RHP Lorenzo Aguilar
Batting: RHB Ángel Garza 0-0: Ball
1-0: Ball
2-0: Ball
3-0: Base on Balls
Batting: RHB Roberto Solís 0-0: Swinging Strike
0-1: Foul Ball, location: 2F
0-2: Strikes out swinging
Batting: RHB Júlio Valdés 0-0: Ball
1-0: Ball
2-0: Ball
3-0: Called Strike
3-1: DOUBLE (Flyball, 9LS)
Ángel Garza to third
Batting: RHB António López 0-0: Ball
1-0: Ground out 5-3 (Groundball, 56)
Ángel Garza scores
Batting: RHB Gabriel Stout 0-0: Called Strike
0-1: Swinging Strike
0-2: Ball
1-2: Strikes out swinging
Bottom of the 6th over - 1 run(s), 1 hit(s), 0 error(s), 1 left on base; Lee's Summit 5 - Bemidji 1
TOP OF THE 7TH
Lee's Summit Tigers batting - Pitching for Bemidji Benders : RHP Mark Anderson
Pitching: LHP Jesse Payne
Batting: RHB Flint Todd 0-0: Called Strike
0-1: Called Strike
0-2: Strikes out swinging
Batting: LHB Bill Frazier 0-0: Swinging Strike
0-1: SINGLE (Groundball, 4MD)
Batting: RHB Doug Delaney 0-0: Called Strike
0-1: Grounds into double play, U4-3 (Groundball, 4)
Top of the 7th over - 0 run(s), 1 hit(s), 0 error(s), 0 left on base; Lee's Summit 5 - Bemidji 1
BOTTOM OF THE 7TH
Bemidji Benders batting - Pitching for Lee's Summit Tigers : RHP Lorenzo Aguilar
Batting: SHB Edgardo Osorio 0-0: Ball
1-0: Ball
2-0: Called Strike
2-1: Ball
3-1: Base on Balls
Batting: RHB Alfredo López 0-0: Called Strike
0-1: Ball
1-1: SINGLE (Flyball, 6MD)
Edgardo Osorio to second
Runner from 2nd tries for 3rd, SAFE, throw made to third
Batting: RHB Juan Costello 0-0: Ball
1-0: Swinging Strike
1-1: Ball
2-1: Called Strike
2-2: Grounds into double play, U6-3 (Groundball, 6)
Edgardo Osorio scores
Batting: RHB Javier Hernández 0-0: SINGLE (Groundball, 4MD) (infield hit)
Pitching: LHP John Livingston
Batting: RHB Ángel Garza 0-0: Ball
1-0: Ball
2-0: Ball
3-0: Called Strike
3-1: Fly out, F4 (Line Drive, 34D)
Bottom of the 7th over - 1 run(s), 2 hit(s), 0 error(s), 1 left on base; Lee's Summit 5 - Bemidji 2
TOP OF THE 8TH
Lee's Summit Tigers batting - Pitching for Bemidji Benders : LHP Jesse Payne
Batting: SHB Shane Hutchinson 0-0: Fly out, F4 (Popup, 8RS)
Batting: LHB Andrés Arredondo 0-0: Called Strike
0-1: Ball
1-1: Foul Ball, location: 2F
1-2: Ball
2-2: Ball
3-2: Strikes out swinging
Batting: RHB Ed Watkins 0-0: Ball
1-0: Swinging Strike
1-1: Called Strike
1-2: Foul Ball, location: 2F
1-2: Foul Ball, location: 2F
1-2: Foul Ball, location: 2F
1-2: Strikes out looking
Top of the 8th over - 0 run(s), 0 hit(s), 0 error(s), 0 left on base; Lee's Summit 5 - Bemidji 2
BOTTOM OF THE 8TH
Bemidji Benders batting - Pitching for Lee's Summit Tigers : LHP John Livingston
Batting: RHB Roberto Solís 0-0: Called Strike
0-1: Called Strike
0-2: Ball
1-2: Foul Ball, location: 2F
1-2: Strikes out swinging
Batting: RHB Júlio Valdés 0-0: Ball
1-0: DOUBLE (Line Drive, 7LS)
Pitching: RHP Juan Vázquez
Batting: RHB António López 0-0: Foul Ball, location: 2F
0-1: Foul Ball, location: 2F
0-2: Strikes out swinging
Batting: RHB Gabriel Stout 0-0: Called Strike
0-1: Called Strike
0-2: Strikes out swinging
Bottom of the 8th over - 0 run(s), 1 hit(s), 0 error(s), 1 left on base; Lee's Summit 5 - Bemidji 2
TOP OF THE 9TH
Lee's Summit Tigers batting - Pitching for Bemidji Benders : LHP Jesse Payne
Pitching: LHP António Martínez
Batting: RHB Norberto Taváres 0-0: Called Strike
0-1: Foul Ball, location: 2F
0-2: Ground out U3 (Groundball, 3)
Batting: RHB Desi Thompson 0-0: Called Strike
0-1: Ball
1-1: Called Strike
1-2: Strikes out looking
Batting: RHB Carlos Flores 0-0: Swinging Strike
0-1: Called Strike
0-2: Ball
1-2: Ball
2-2: Ball
3-2: Base on Balls
Batting: RHB Flint Todd 0-0: Called Strike
0-1: Swinging Strike
0-2: Ball
1-2: Strikes out swinging
Top of the 9th over - 0 run(s), 0 hit(s), 0 error(s), 1 left on base; Lee's Summit 5 - Bemidji 2
BOTTOM OF THE 9TH
Bemidji Benders batting - Pitching for Lee's Summit Tigers : RHP Juan Vázquez
Pitching: RHP Pedro Rivera
Batting: SHB Edgardo Osorio 0-0: Ball
1-0: Called Strike
1-1: Foul Ball, location: 2F
1-2: Fly out, F4 (Line Drive, 4)
Batting: RHB Alfredo López 0-0: Ball
1-0: Called Strike
1-1: Called Strike
1-2: Ground out 1-3 (Groundball, 15S)
Batting: RHB Juan Costello 0-0: Ball
1-0: Called Strike
1-1: Ground out 1-3 (Groundball, 13S)
Bottom of the 9th over - 0 run(s), 0 hit(s), 0 error(s), 0 left on base; Lee's Summit 5 - Bemidji 2
This league is powered by Out of the Park Baseball, the baseball management simulation game for PC, Mac and Linux
Wednesday, December 2nd, 2015 - OOTP Baseball 16.8 Build 38